 Seeded DCSS version 0.29-a0-563-g64e4043184 (webtiles) character file.

Game seed: 8572682691686822440 (custom seed)

77 happo123 the Sneak (level 4, -3/24 HPs)
             Began as a Vampire Enchanter on June 11, 2022.
             Slain by Grinder (9 damage)
             ... on level 3 of the Dungeon.
             The game lasted 00:08:13 (1879 turns).

happo123 the Sneak (Vampire Enchanter)              Turns: 1879, Time: 00:08:14

Health: -3/24      AC:  5    Str:  7    XL:     4   Next: 14%
Magic:  2/7        EV: 12    Int: 19    God:
Gold:   136        SH:  0    Dex: 14    Spells: 2/7 levels left

rFire   . . .      SeeInvis +   a - +1 dagger
rCold   + + .      Faith    .   f - orb {guile}
rNeg    + + +      Spirit   .   b - +0 robe
rPois   ∞          Reflect  .   p - +1 helmet
rElec   .          Harm     .   (no cloak)
rCorr   .          Rampage  .   (no gloves)
Will    .....                   e - +0 pair of boots
Stlth   +++++.....              i - amulet of regeneration
HPRegen 0.00/turn               (no ring)
MPRegen 0.10/turn               (no ring)

@: bloodless, inhibited regen
A: bloodless, fangs 3, see invisible, vampiric 2
a: Bat Form, Revivify


You were on level 3 of the Dungeon.
You visited 1 branch of the dungeon, and saw 3 of its levels.

You collected 136 gold pieces.

Inventory:

Hand Weapons
 a - a +1 dagger (weapon)
Armour
 b - a +0 robe (worn)
 e - a +0 pair of boots (worn)
 f - an orb of guile (worn)
 p - a +1 helmet (worn)
Jewellery
 i - an amulet of regeneration (around neck)
Scrolls
 d - 2 scrolls of fear {unknown}
 g - a scroll of magic mapping {unknown}
 j - a scroll of blinking {unknown}
 k - a scroll of teleportation {unknown}
 m - a scroll of summoning {unknown}
Potions
 c - 2 potions of invisibility
 h - a potion of curing {unknown}
 l - a potion of heal wounds {unknown}
 n - a potion of resistance {unknown}
 o - a potion of flight {unknown}


   Skills:
 + Level 0.7 Fighting
 + Level 1.6 Short Blades
 + Level 2.5 Dodging
 * Level 5.5 Stealth
 + Level 2.3 Spellcasting
 * Level 5.2 Hexes
 + Level 0.5 Ice Magic


You had 2 spell levels left.
You knew the following spells:

 Your Spells              Type           Power      Damage    Failure   Level
a - Ensorcelled Hibernat  Hex/Ice        26%        N/A       8%          2
b - Confusing Touch       Hex            22%        N/A       5%          3

Your spell library contained the following spells:

 Spells                   Type           Power      Damage    Failure   Level
 Freeze                   Ice            16%        1d4       14%         1
 Tukima's Dance           Hex            22%        N/A       5%          3
 Dazzling Flash           Conj/Hex       24%        N/A       17%         3
 Frozen Ramparts          Ice            8%         1d2       38%         3
 Hailstorm                Conj/Ice       3%         3d3       83%         4


Dungeon Overview and Level Annotations

Branches:
Dungeon (3/15)

Altars:

Annotations:
D:3 Grinder


Innate Abilities, Weirdness & Mutations

You do not regenerate when monsters are visible.
You are frail without blood (-20% HP).
You can heal yourself when you bite living creatures.
You are immune to poison.
You have razor-sharp teeth.
You have supernaturally acute eyesight. (SInv)
You are afflicted with vampirism and can become a bat while bloodless.


Message History

Grinder gestures at you.
You suddenly lose the ability to move!
The adder bites you but does no damage.
Grinder says, "FISH!"
The adder bites you but does no damage. Grinder hits you. The adder bites you.
The adder bites you but does no damage. Grinder hits you!
The adder bites you but does no damage.
Grinder blinks!
The adder bites you but does no damage.
You can move again.
Unknown command.
You hit the adder but do no damage.
The adder appears confused.
The adder closely misses you.
You hit the adder. Your bite misses the adder.
The adder is heavily wounded.
You hit the adder. Your bite misses the adder.
The adder is almost dead.
You hit the adder but do no damage.
The adder is almost dead.
The adder bites you.
You hit the adder.
You kill the adder!
Casting: Confusing Touch (quite dangerous; 5% risk of failure)
Confirm with . or Enter, or press ? or * to list all spells.
The spell is quite dangerous to miscast (5% risk of failure)!
Continue anyway?
Your hands begin to glow red.
Grinder hits you.
You hit Grinder but do no damage.
Grinder appears confused.
Grinder is heavily wounded.
Grinder hits you.
* * * LOW HITPOINT WARNING * * *
You catch the helpless Grinder completely off-guard!
You puncture Grinder!
Grinder is almost dead.
You hit Grinder.
Grinder is almost dead.
Grinder closely misses you.
You hit Grinder.
Grinder is almost dead.
Grinder hits you!
You die...

..# #.# # ..#
.# ..###.#
##.#...#
......#
####.#...###
#.5.......<.
#@##........
#.#####..##.
#.# .#
............#
#
#######.###.#
#.# #.# #.#
#.#


You could see Grinder (confused).

Vanquished Creatures
  3 adders
  3 dart slugs
  7 ball pythons
  4 endoplasms
  A giant cockroach (D:2)
  2 goblins (D:2)
  5 hobgoblins
  A quokka (D:2)
  5 bats
  3 frilled lizards
  6 kobolds
  5 rats
45 creatures vanquished.

Notes
Turn   | Place    | Note
-------+----------+-------------------------------------------
     0 | D:1      | happo123 the Vampire Enchanter began the quest for the Orb.
     0 | D:1      | Reached XP level 1. HP: 13/13 MP: 3/3
    50 | D:1      | Found a faded altar of an unknown god.
   218 | D:1      | Reached XP level 2. HP: 13/19 MP: 5/5
   221 | D:1      | Learned a level 2 spell: Ensorcelled Hibernation
   930 | D:2      | Reached skill level 5 in Stealth
  1065 | D:2      | Gained mutation: You are afflicted with vampirism and can
                  | become a bat while bloodless. [Vampire growth]
  1065 | D:2      | Reached XP level 3. HP: 20/20 MP: 6/6
  1094 | D:2      | Reached skill level 5 in Hexes
  1100 | D:2      | Learned a level 3 spell: Confusing Touch
  1632 | D:2      | Reached XP level 4. HP: 24/24 MP: 2/7
  1856 | D:3      | Noticed Grinder
  1862 | D:3      | Paralysed by Grinder for 5 turns
  1879 | D:3      | Slain by Grinder

Illustrated notes

Levels and vault maps discovered:
D:1:      ncdulo_lavacross, layout_basic, serial_rivers,
          chequers_serial_rivers_marsh, chequers_serial_rivers_micro_c,
          chequers_serial_rivers_large_a, chequers_serial_rivers_small_a,
          chequers_serial_rivers_micro_e, chequers_serial_rivers_room_b,
          ebering_ecumenical_altar_box, serial_bayou_ford_a
D:2:      layout_loops_ring, minmay_surrounded
D:3:      layout_loops_ring, item_on_display_b, uniq_jessica, uniq_grinder

Skill      XL: |  1  2  3 |
---------------+----------+-----
Stealth        | 5 |  5.5
Hexes          | 5 |  5.2
Fighting       | |  0.7
Short Blades   | |  1.6
Dodging        | |  2.5
Spellcasting   | |  2.3
Ice Magic      | |  0.5

Action                   |  1- 3 |  4- 6 || total
-------------------------+-------+-------++-------
Melee: Dagger            |    93 |    11 ||   104
       Bite              |     4 |       ||     4
 Cast: Ensorcelled Hiber |    19 |       ||    19
       Confusing Touch   |       |     2 ||     2
 Abil: Exsanguinate      |     1 |       ||     1
 Stab: Sleeping          |    33 |     2 ||    35
       Confused          |       |     1 ||     1
Armor: Robe              |    19 |     5 ||    24
Dodge: Dodged            |    57 |     2 ||    59

Table legend: (Time is in decaauts)
 A = Elapsed time spent in this place.
 B = Non-inter-level travel time spent in this place.
 C = Inter-level travel time spent in this place.
 D = Time resting spent in this place.
 E = Time spent auto-exploring this place.
 F = Levels seen in this place.
 G = Mean time per level.
                   A        B        C        D        E       F      G
               +--------+--------+--------+--------+--------+-----+--------+
         Total |   1904 |   1780 |    124 |     28 |   1334 |   3 |  634.7 |
       Dungeon |   1904 |   1780 |    124 |     28 |   1334 |   3 |  634.7 |
               +--------+--------+--------+--------+--------+-----+--------+

Top non-repeatable levels by time:
     D:1: 975 daAuts
     D:2: 903 daAuts
     D:3: 25 daAuts
